 Dungeon Crawl Stone Soup version 0.22.0 (webtiles) character file.

60 porkupine the Skirmisher (level 3, -2/26 HPs)
             Began as a Draconian Chaos Knight on Aug 17, 2018.
             Killed from afar by a steam dragon (16 damage)
             ... with a ball of steam
             ... on level 2 of the Dungeon.
             The game lasted 00:05:25 (1091 turns).

porkupine the Skirmisher (Draconian Chaos Knight)   Turns: 1091, Time: 00:05:27

Health: -2/26      AC:  5    Str: 19    XL:     3   Next: 82%
Magic:  3/3        EV: 12    Int: 12    God:    Xom [*.....]
Gold:   64         SH:  0    Dex: 10    Spells: 2/2 levels left

rFire    . . .     SeeInvis .   a - +0 spear (chaos)
rCold    . . .     Gourm    .   (no shield)
rNeg     . . .     Faith    .   (armour unavailable)
rPois    .         Spirit   .   (helmet restricted)
rElec    .         Reflect  .   (no cloak)
rCorr    .         Harm     .   (no gloves)
MR       .....     Clarity  +   (no boots)
Stlth    +.........             m - amulet of regeneration
HPRegen  0.48/turn              i - +4 ring of strength
MPRegen  0.08/turn              k - ring of wizardry

@: no status effects
A: unfitting armour, clarity, frail 2, cold-blooded, AC +5
a: Renounce Religion


You were on level 2 of the Dungeon.
You worshipped Xom.
You were a special plaything of Xom.
You were hungry.

You visited 1 branch of the dungeon, and saw 2 of its levels.

You collected 64 gold pieces.

Inventory:

Hand Weapons
 a - a +0 spear of chaos (weapon)
Jewellery
 e - an uncursed amulet of magic regeneration
 i - a +4 ring of strength (left hand)
 k - a ring of wizardry (right hand)
 m - an amulet of regeneration (around neck)
Scrolls
 f - a scroll of fear {unknown}
 h - a scroll of enchant armour {unknown}
 j - a scroll of remove curse
 l - 2 scrolls of teleportation {unknown}
Potions
 c - a potion of resistance {unknown}
 d - 2 potions of curing
 g - 2 potions of agility {unknown}
Comestibles
 b - 2 rations


   Skills:
 + Level 4.2 Fighting
 + Level 3.6 Polearms
 + Level 2.6 Dodging
 + Level 0.1 Stealth


You had 2 spell levels left.
You didn't know any spells.
Your spell library was empty.

Dungeon Overview and Level Annotations

Branches:
Dungeon (2/15)

Altars:


Innate Abilities, Weirdness & Mutations

Your plain brown scales are hard. (AC +5)
You cannot fit into any form of body armour.
You are cold-blooded and may be slowed by cold attacks.
You possess an exceptional clarity of mind.
You are very frail. (-20% HP)


Message History

The ball of steam hits you!
Your goblin hits the steam dragon but does no damage.
You hear a shout! x2
The steam dragon barely misses your goblin.
The steam dragon claws your goblin.
Your goblin hits the steam dragon.
Attack whom?
Press: ? - help, Dir - move target cursor, f - steam dragon
Aim: a steam dragon (steam, almost dead, catching its breath)
You reach to attack!
You catch the helpless steam dragon completely off-guard!
You hit the steam dragon but do no damage.
The steam dragon is almost dead.
Your goblin closely misses the steam dragon.
You barely miss the steam dragon.
Your tail-slap misses the steam dragon.
The steam dragon is almost dead.
A goblin comes into view.
The steam dragon breathes steam at you. The ball of steam hits you!
Ouch! That really hurt!
You die...

....... <....#.....(.#
....... ##..#.<.....#
.......#####........†.#
...g.(.#.........†....#
.........#...†#......##
.......###....#......#
........##....###..#.#
........g§........##.#
.......##D@....#####.#
##.#### ##....## #.#
#....# #.# #....#
#....# #....# ######


You could see a steam dragon, a goblin and a friendly goblin.

Vanquished Creatures
  2 adders (D:2)
  A worm (D:2)
  2 dart slugs (D:1)
  A leopard gecko (D:1)
  6 bats
  4 goblins
  4 hobgoblins (D:1)
  4 jackals (D:1)
  3 frilled lizards
  3 kobolds (D:1)
  7 rats
37 creatures vanquished.

Notes
Turn   | Place    | Note
-------+----------+-------------------------------------------
     0 | D:1      | porkupine the Draconian Chaos Knight began the quest for the Orb.
     0 | D:1      | Reached XP level 1. HP: 19/19 MP: 1/1
    68 | D:1      | Reached XP level 2. HP: 17/26 MP: 2/2
   332 | D:1      | XOM: harmless Air miscast
   360 | D:1      | XOM: give mutations
   360 | D:1      | Gained mutation: You are frail. (-10% HP) [Xom's mischief]
   360 | D:1      | Gained mutation: You possess an exceptional clarity of mind. [Xom's mischief]
   360 | D:1      | Gained mutation: You are very frail. (-20% HP) [Xom's mischief]
   394 | D:1      | Reached XP level 3. HP: 26/26 MP: 3/3
   407 | D:1      | Reached skill level 4 in Fighting
   517 | D:1      | XOM: mild Fire miscast
   647 | D:1      | XOM: medium Air miscast
  1084 | D:2      | Noticed a steam dragon
  1084 | D:2      | a worm changed into a steam dragon
  1086 | D:2      | XOM: enchant monster (good)
  1091 | D:2      | Killed from afar by a steam dragon

Skill      XL: |  1  2  3 |
---------------+----------+-----
Fighting       | 4 |  4.2
Polearms       | |  3.6
Dodging        | |  2.6
Stealth        | |  0.1

Action                   || total
-------------------------++-------
Melee: Spear             ||   113
       Tailslap          ||     9
  Use: Scroll            ||     1
       Potion            ||     1
 Stab: Distracted        ||     2
Armor: Skin              ||    30
Dodge: Dodged            ||    61
